 Dungeon Crawl Stone Soup version 0.30-a0-949-g53dc5368d7 (webtiles) character file.

Game seed: 7537817742227599449

22 OrthodoxDeviant the Ducker (level 2, -1/22 HPs)
             Began as a Vampire Gladiator on Mar 27, 2023.
             Slain by a gnoll
             ... wielding a +0 flail
              (7 damage)
             ... on level 1 of the Dungeon.
             The game lasted 00:01:59 (775 turns).

OrthodoxDeviant the Ducker (Vampire Gladiator)       Turns: 775, Time: 00:01:59

Health: -1/22      AC:  4    Str: 13    XL:     2   Next: 68%
Magic:  2/2        EV: 13    Int: 10    God:
Gold:   33         SH:  0    Dex: 15    Spells: 1/1 levels left

rFire   . . .      SeeInvis +    a - +0 war axe
rCold   . . .      Faith    .    (no shield)
rNeg    . . .      Spirit   .    b - +0 leather armour
rPois   +          Reflect  .    c - +0 helmet
rElec   .          Rampage  .    (no cloak)
rCorr   .                        (no gloves)
Will    .....                    (no boots)
Stlth   +                        i - amulet of the acrobat
HPRegen 0.43/turn                h - ring of poison resistance
MPRegen 0.08/turn                (no ring)

@: healing quickly
A: alive, fangs 3, see invisible, vampiric 1
a: Exsanguinate


You were on level 1 of the Dungeon.
You visited 1 branch of the dungeon, and saw 2 of its levels.

You collected 33 gold pieces.

Inventory:

Hand Weapons
 a - a +0 war axe (weapon)
Missiles
 d - 3 throwing nets (quivered)
 e - a javelin
Armour
 b - a +0 leather armour (worn)
 c - a +0 helmet (worn)
Jewellery
 h - a ring of poison resistance (left hand)
 i - an amulet of the acrobat (around neck)
Scrolls
 f - a scroll of fog {unknown}
 k - a scroll of identify {unknown}
Potions
 g - a potion of might {unknown}
 j - a potion of curing {unknown}
 l - a potion of lignification {unknown}


   Skills:
 * Level 2.2 Fighting
 * Level 3.1 Axes
 - Level 1.5 Throwing
 + Level 0.4 Armour
 + Level 3.5 Dodging


You had one spell level left.
You didn't know any spells.
Your spell library was empty.

Dungeon Overview and Level Annotations

Branches:
Dungeon (2/15)

Altars:


Innate Abilities, Weirdness & Mutations

Your natural rate of healing is accelerated.
You have razor-sharp teeth.
You have supernaturally acute eyesight. (SInv)
You are afflicted with vampirism.


Message History

The hobgoblin is heavily wounded.
The hobgoblin hits you. x2
You hit the hobgoblin.
You kill the hobgoblin!
You start resting.
HP restored.
Okay, then.
Okay, then.
Okay, then.
Okay, then.
l - an amethyst potion As you open the door, it creaks loudly!
There is an open door here.
There is an open door here.
Done exploring.
Done exploring.
Done exploring.
Done exploring.
Done exploring.
Done exploring.
There is a stone staircase leading down here.
Unknown command.
Unknown command.
You climb downwards.
The gnoll shouts! x3
The endoplasm quivers.
There is a stone staircase leading up here.
The gnoll hits you but does no damage. The gnoll barely misses you.
The gnoll hits you from afar with a +0 spear.
You climb upwards.
There is a stone staircase leading down here.
You closely miss the gnoll. x2; The gnoll hits you with a +0 flail!
Ouch! That really hurt!
The gnoll hits you with a +0 flail.
* * * LOW HITPOINT WARNING * * *
You are too injured to fight recklessly!
You are too injured to fight recklessly!
You completely miss the gnoll. You hit the gnoll. The gnoll barely misses you.
The gnoll hits you with a +0 flail!
You die...

##### ###### ###### ....#
#....####.@g.########## ....#
#......##..g..........#
....###......##....########.#
......#......##.............#
......#......##........#....###
.##..........##........#....#.###
.##..........###..#...........##.
.#.........#####..#......##...##.
..............##..#..............


You could see 2 gnolls.

Vanquished Creatures
  2 dart slugs (D:1)
  2 ball pythons (D:1)
  2 endoplasms (D:1)
  A goblin (D:1)
  3 hobgoblins (D:1)
  A quokka (D:1)
  4 bats (D:1)
  2 rats (D:1)
17 creatures vanquished.

Notes
Turn   | Place    | Note
-------+----------+-------------------------------------------
     0 | D:1      | OrthodoxDeviant the Vampire Gladiator began the quest for
                  | the Orb.
     0 | D:1      | Reached XP level 1. HP: 16/16 MP: 1/1
   117 | D:1      | Reached XP level 2. HP: 22/22 MP: 2/2
   775 | D:1      | Slain by a gnoll

Illustrated notes

Levels and vault maps discovered:
D:1:      roderic_crossed_star, layout_basic, kennysheep_crisscross
D:2:      layout_loops_corners, minmay_pentomino_w2, uniq_robin

Skill      XL: |  1  2 |
---------------+-------+-----
Fighting       | 2 |  2.2
Axes           | 3 |  3.1
Throwing       | |  1.5
Armour         | |  0.4
Dodging        | |  3.5

Action                     || total
---------------------------++-------
  Melee: War axe           ||    43
         Bite              ||     3
 Armour: Leather armour    ||    18
  Dodge: Dodged            ||    30

Table legend: (Time is in decaauts)
 A = Elapsed time spent in this place.
 B = Non-inter-level travel time spent in this place.
 C = Inter-level travel time spent in this place.
 D = Time resting spent in this place.
 E = Time spent auto-exploring this place.
 F = Levels seen in this place.
 G = Mean time per level.
                   A        B        C        D        E       F      G
               +--------+--------+--------+--------+--------+-----+--------+
         Total |    790 |    760 |     30 |     14 |    601 |   2 |  395.0 |
       Dungeon |    790 |    760 |     30 |     14 |    601 |   2 |  395.0 |
               +--------+--------+--------+--------+--------+-----+--------+

Top non-repeatable levels by time:
     D:1: 788 daAuts
     D:2: 1 daAuts
